 Seeded DCSS version 0.30.1-11-g7821555f0a (webtiles) character file.

Game seed: 5 (custom seed)

218373 Kazon the Champion of Chaos (level 18, -12/145 HPs)
             Began as a Demonspawn Gladiator on Dec 15, 2023.
             Was the Champion of Makhleb.
             Mangled by a peacekeeper (16 damage)
             ... in the Desolation of Salt on Dec 20, 2023.
             The game lasted 03:53:43 (28655 turns).

Kazon the Champion of Chaos (Demonspawn Gladiator) Turns: 28655, Time: 03:53:44

Health: -12/145    AC: 22    Str: 15    XL:     18   Next: 41%
Magic:  29/29      EV: 11    Int:  5    God:    Makhleb [******]
Gold:   1057       SH:  0    Dex: 20    Spells: 17/17 levels left

rFire   + + .        z - +8 battleaxe of Egomania {flame, rElec rPois rN++ Str-4}
rCold   + + .        (shield currently unavailable)
rNeg    + + +        X - +1 scale mail "Duedacir" {+Blink +Inv rN+++ Str-5}
rPois   +            (helmet unavailable)
rElec   +            l - scarf {rC+ rF+}
rCorr   .            Y - +2 pair of gloves {Str+3}
SInv    +            k - +0 pair of boots {rampage}
Will    ++...        F - amulet of regeneration
Stlth   ++           n - ring of the Tortoise {AC+8}
HPRegen 2.24/turn    t - ring "Guudd" {rF+ rC+ Will+ Int-5 Dex+4}
MPRegen 0.21/turn

%: rampage
@: studying Throwing
A: antennae 3, rugged brown scales 2, powered by death 2, black mark, demonic
magic 1, bedeviling, deformed body
}: 1/15 runes: serpentine
a: Renounce Religion, Evoke Blink, Evoke Invisibility, Minor Destruction, Lesser
Servant of Makhleb, Major Destruction, Greater Servant of Makhleb


You were in the Desolation of Salt.
You worshipped Makhleb.
Makhleb was exalted by your worship.
You visited 6 branches of the dungeon, and saw 28 of its levels.
You visited the Abyss 1 time.
You also visited: Ossuary, Gauntlet, Ice Cave and Desolation.

You collected 3400 gold pieces.
You spent 2343 gold pieces at shops.

Inventory:

Hand Weapons
 f - a +1 hand axe of flaming
 m - the +4 trident of Voracious Courage {flame, *Noise rF+++ rCorr SInv}
   (You found it in the Desolation of Salt)

   rF:        It renders you almost immune to fire.
   SInv:      It lets you see invisible.
   *Noise:    It may make noises in combat.
   rCorr:     It protects you from acid and corrosion.
 q - a +3 demon whip of venom
 v - a +2 vampiric war axe
 w - a +2 broad axe of freezing
 z - the +8 battleaxe of Egomania (weapon) {flame, rElec rPois rN++ Str-4}
   (You found it in the Desolation of Salt)

   Str:       It affects your strength (-4).
   rElec:     It insulates you from electricity.
   rPois:     It protects you from poison.
   rN:        It greatly protects you from negative energy.
Missiles
 d - 5 throwing nets
 j - 16 boomerangs (quivered)
 p - 4 curare-tipped darts
 r - 7 javelins
 C - 3 boomerangs of dispersal
Armour
 c - a +2 kite shield of reflection
 k - a +0 pair of boots of rampaging (worn)
 l - a scarf of resistance (worn)
 X - the +1 scale mail "Duedacir" (worn) {+Blink +Inv rN+++ Str-5}
   (You took it off a minotaur in a Gauntlet)

   Str:       It affects your strength (-5).
   rN:        It renders you almost immune to negative energy.
   +Inv:      It lets you turn invisible.
   +Blink:    It lets you blink.
 Y - a +2 pair of gloves of strength (worn)
Jewellery
 n - the ring of the Tortoise (left hand) {AC+8}
   (You found it in an ice cave)

   [ring of protection]

   AC:        It affects your AC (+8).
 t - the ring "Guudd" (right hand) {rF+ rC+ Will+ Int-5 Dex+4}
   (You bought it in a shop on level 4 of the Snake Pit)

   [ring of protection from cold]

   Int:       It affects your intelligence (-5).
   Dex:       It affects your dexterity (+4).
   rF:        It protects you from fire.
   rC:        It protects you from cold.
   Will:      It increases your willpower.
 F - an amulet of regeneration (around neck)
Wands
 a - a wand of paralysis (17)
 b - a wand of iceblast (3)
 y - a wand of light (24)
 L - a wand of polymorph (4)
 O - a wand of digging (7)
 Z - a wand of mindburst (4)
Scrolls
 h - 7 scrolls of fog
 o - 4 scrolls of blinking
 s - 2 scrolls of summoning
 H - 2 scrolls of poison
 K - 4 scrolls of fear
 P - 8 scrolls of teleportation
 V - a scroll of silence
Potions
 e - 2 potions of haste
 g - 4 potions of resistance
 i - 4 potions of invisibility
 u - 11 potions of curing
 B - 6 potions of heal wounds
 E - 3 potions of lignification
 J - 5 potions of berserk rage
 N - 2 potions of cancellation
 Q - 7 potions of flight {unknown}
 T - 3 potions of might
Miscellaneous
 x - a lightning rod (4/4)
 A - a tin of tremorstones (2/2)
 U - a phial of floods


   Skills:
 + Level 11.7 Fighting
 + Level 2.7(3.1) Short Blades
 + Level 2.3(3.0) Long Blades
 + Level 14.5(15.3) Axes
 + Level 8.1(12.3) Maces & Flails
 + Level 1.0 Ranged Weapons
 + Level 4.7 Throwing
 + Level 12.1 Armour
 + Level 3.7 Dodging
 + Level 4.7 Stealth
 + Level 14.0 Shields
 + Level 15.0 Invocations
 + Level 12.8 Evocations


You had 17 spell levels left.
You didn't know any spells.
Your spell library contained the following spells:

 Spells                   Type           Power      Damage    Failure   Level
 Beastly Appendage        Tmut           0%         N/A       83%         1
 Foxfire                  Conj/Fire      0%         2x1d4     83%         1
 Necrotise                Necr           0%         1d4       83%         1
 Sandblast                Erth           0%         2d4       83%         1
 Sting                    Tmut/Pois      0%         1d3       83%         1
 Blink                    Tloc           0%         N/A       92%         2
 Ensorcelled Hibernation  Hex/Ice        0%         N/A       92%         2
 Lesser Beckoning         Tloc           0%         N/A       92%         2
 Passwall                 Tmut/Erth      0%         N/A       92%         2
 Static Discharge         Conj/Air       0%         2-2/arc   92%         2
 Wereblood                Tmut           0%         N/A       92%         2
 Dazzling Flash           Conj/Hex       0%         N/A       99%         3
 Frozen Ramparts          Ice            0%         1d1       99%         3
 Hailstorm                Conj/Ice       0%         3d3       99%         3
 Ignite Poison            Fire/Tmut/Pois 0%         N/A       99%         3
 Spider Form              Tmut/Pois      0%         N/A       99%         3
 Swiftness                Air            0%         N/A       99%         3
 Vampiric Draining        Necr           0%         2d6       99%         3
 Volatile Blastmotes      Fire/Tloc      0%         2d10      99%         3
 Airstrike                Air            0%         2d(0-16)  100%        4
 Animate Armour           Summ/Erth      0%         N/A       100%        4
 Cause Fear               Hex            0%         N/A       100%        4
 Ice Form                 Ice/Tmut       0%         N/A       100%        4
 Leda's Liquefaction      Hex/Erth       0%         N/A       100%        4
 Manifold Assault         Tloc           0%         N/A       100%        4
 Sticky Flame             Conj/Fire      0%         2d3       100%        4
 Summon Ice Beast         Ice/Summ       0%         N/A       100%        4
 Summon Lightning Spire   Summ/Air       0%         N/A       100%        4
 Agony                    Necr           0%         N/A       100%        5
 Alistair's Intoxication  Tmut/Pois      0%         N/A       100%        5
 Blade Hands              Tmut           0%         N/A       100%        5
 Borgnjor's Vile Clutch   Necr/Erth      0%         N/A       100%        5
 Fireball                 Conj/Fire      0%         3d3       100%        5
 Lee's Rapid Deconstruct  Erth           0%         3d4*      100%        5
 Summon Forest            Summ/Tloc      0%         N/A       100%        5
 Conjure Ball Lightning   Conj/Air       0%         3x3d6     100%        6
 Eringya's Noxious Bog    Tmut/Pois      0%         N/A       100%        6
 Plasma Beam              Fire/Air       0%         2x1d11    100%        6
 Simulacrum               Ice/Necr       0%         N/A       100%        6
 Starburst                Conj/Fire      0%         6d3       100%        6
 Statue Form              Tmut/Erth      0%         N/A       100%        6
 Enfeeble                 Hex            0%         N/A       100%        7
 Malign Gateway           Summ/Tloc      0%         N/A       100%        7
 Storm Form               Tmut/Air       0%         N/A       100%        7
 Summon Hydra             Summ           0%         N/A       100%        7
 Discord                  Hex            0%         N/A       100%        8
 Disjunction              Tloc           0%         N/A       100%        8
 Ignition                 Fire           0%         3d3       100%        8


Dungeon Overview and Level Annotations

Branches:
Dungeon (15/15)            Temple (1/1) D:4            Lair (5/5) D:8
  Swamp (0/4) Lair:3        Snake (4/4) Lair:3        Slime (0/5) Lair:5
    Orc (2/2) D:11            Elf (1/3) Orc:2        Vaults (0/5) D:13
 Depths (0/4) D:15        Ossuary (visited)           IceCv (visited)
Desolation (1/1)          Gauntlet (visited)

Altars:
Dithmenos
Fedhas
Gozag
Hepliaklqana
Makhleb
Qazlal
Sif Muna
Uskayaw
Wu Jian
Xom

Shops:
D:8 *   Orc:2 [(**   Elf:1 [   Snake:1 (![   Snake:4 ::=?

Annotations:
Snake:3 1 runed translucent door


Innate Abilities, Weirdness & Mutations

You have a pair of large antennae on your head. (SInv)
You are mostly covered in rugged brown scales. (AC +2, +5% HP)
You regenerate health from kills.
Your melee attacks may debilitate your foes.
Spells you cast may paralyse adjacent enemies.
Your hexes are more powerful.
Armour fits poorly on your strangely shaped body.


Message History

The peacekeeper is lightly damaged.
You hit the peacekeeper but do no damage.
The peacekeeper bites you but does no damage.
The peacekeeper closely misses you. The peacekeeper bites you.
The peacekeeper claws you.
You slash the peacekeeper!
The peacekeeper is lightly damaged.
You hit the peacekeeper but do no damage.
The peacekeeper no longer looks unusually strong.
The peacekeeper bites you.
The peacekeeper claws you but does no damage.
The peacekeeper bites you. The peacekeeper claws you.
The ragged hierophant points at you and mumbles some strange words.
A blast of power from the earth and the peacekeepers strikes you!
The peacekeeper bites you! The peacekeeper closely misses you.
A demon appears!
The peacekeeper bites you but does no damage.
The peacekeeper claws you but does no damage.
The peacekeeper bites you.
* * * LOW HITPOINT WARNING * * *
The peacekeeper misses you.
The peacekeeper bites you but does no damage.
The peacekeeper closely misses you.
The saltling hits you but does no damage.
The ragged hierophant gestures at you while chanting.
A blast of power from the earth and the adjacent constructs strikes you!
* * * LOW HITPOINT WARNING * * *
The peacekeeper bites you but does no damage.
The peacekeeper claws you but does no damage.
Unknown command.
You slash the molten gargoyle!
The molten gargoyle is moderately damaged.
You hit the peacekeeper but do no damage.
The peacekeeper no longer looks unusually strong.
The molten gargoyle hits you with a +0 mace!!
* * * LOW HITPOINT WARNING * * *
You are engulfed in flames.
You resist.
* * * LOW HITPOINT WARNING * * *
The peacekeeper bites you!
You die...

....#.........................
.............................
......................#......
...........................
a..........................
.....................#.....
...........................
.......a..9.).).÷..........
........{♣@..÷.............
........99....).......#...
........a2..).............
..........................
...............).....#....
#..........................
9..........................
.........................#.
...........................


You could see a ragged hierophant, a servant of whispers (stilling wind), a
peacekeeper, a molten gargoyle (strong, ally target), a saltling (strong) and a
friendly blizzard demon (summoned).

Vanquished Creatures
  Rupert (D:12)
  Donald (Snake:1)
  8 nagarajas
  A deep elf sorcerer (Elf:1)
  The ghost of Lyxkou the Zephyrmancer, an adept OpTm of Gozag (D:14)
  2 halazid warlocks (Desolation)
  A white draconian (IceCv)
  A minotaur (Gauntlet)
  A dire elephant (Gauntlet)
  Snorg (D:10)
  A crystal guardian (Desolation)
  2 ragged hierophants (Desolation)
  Josephine (Orc:1)
  6 servants of whispers
  A deep elf high priest (Elf:1)
  4 peacekeepers (Desolation)
  A rakshasa (D:14)
  6 hydras
  4 vault guards (D:13)
  4 centaur warriors
  5 ogre magi
  A death knight (D:14)
  10 anacondas
  13 two-headed ogres
  25 naga warriors
  A dancing weapon (Elf:1)
  5 boulder beetles
  3 death yaks (Lair:2)
  3 tengu warriors
  14 naga sharpshooters
  6 shock serpents
  2 deep elf knights (Elf:1)
  A skyshark (Lair:4)
  A fire crab (shapeshifter) (D:14)
  4 salamander mystics
  10 sea snakes (Snake:4)
  3 skeletal warriors (D:14)
  A deep elf archer (Elf:1)
  9 naga ritualists
  2 orc knights
  14 mana vipers
  2 orc sorcerers
  14 deep elf pyromancers
  11 ugly things
  3 deep elf zephyrmancers (Elf:1)
  2 manticores
  5 cyclopes
  18 salamanders
  11 elephants
  Maurice (D:9)
  7 guardian serpents
  A molten gargoyle (Desolation)
  37 black mambas
  15 cane toads
  19 naga magi
  4 gargoyles
  8 komodo dragons
  An efreet (D:13)
  An unseen horror (D:10)
  3 rime drakes (IceCv)
  2 tengu conjurers
  8 polar bears
  A queen bee (shapeshifter) (D:12)
  3 meliai (D:14)
  A meliai (shapeshifter) (D:13)
  5 trolls
  34 saltlings
  2 blink frogs
  A dream sheep (Lair:5)
  7 hornets
  A snapping turtle (shapeshifter) (D:13)
  A slime creature (D:12)
  4 shadows
  Sigmund (D:4)
  A vampire (D:10)
  12 spriggans (Lair:5)
  A water elemental (D:12)
  7 wyverns
  A fire elemental (Elf:1)
  A hog (shapeshifter) (D:14)
  24 yaks
  5 wraiths
  A human (shapeshifter) (D:14)
  7 basilisks
  2 steam dragons
  2 vampire mosquitoes (D:10)
  2 wargs
  56 nagas
  2 swamp worms (Lair:3)
  An acid dragon (D:13)
  Duvessa (D:6)
  18 water moccasins
  An ice beast (D:8)
  9 orc warriors
  A sky beast (D:7)
  7 black bears
  8 boggarts
  40 wolves
  8 centaurs
  27 ogres
  A phantom (D:11)
  An elf zombie (Ossuary)
  2 kobold brigands
  12 bullfrogs
  A gnoll sergeant (D:8)
  3 scorpions
  An earth elemental (Elf:1)
  23 wights
  10 killer bees
  A troll zombie (D:11)
  Dowan (D:6)
  4 lindwurm simulacra (IceCv)
  2 howler monkeys
  A vampire bat (D:7)
  3 electric eels
  3 komodo dragon simulacra (IceCv)
  6 hounds
  A wyvern simulacrum (D:8)
  A centaur zombie (Ossuary)
  18 orc priests
  3 human zombies (Ossuary)
  A jelly (D:5)
  6 iguanas
  18 orc wizards
  11 ogre zombies
  A centaur simulacrum (D:8)
  7 mummies (Ossuary)
  14 gnolls
  5 acid dragon simulacra (IceCv)
  9 adders
  A shadow imp (D:8)
  13 white imps
  2 ufetubi
  9 steam dragon simulacra (IceCv)
  A worm zombie (D:7)
  2 adder zombies (Ossuary)
  3 worms
  52 orcs
  12 bats
  9 endoplasms
  A giant cockroach (D:1)
  12 goblins
  7 hobgoblins
  11 jackals
  19 kobolds
  3 quokkas (D:4)
  6 ball pythons
  3 frilled lizards
  A goblin skeleton (D:11)
  7 goblin zombies
  2 hobgoblin skeletons (D:11)
  10 hobgoblin zombies
  3 kobold zombies
  15 orc zombies (D:11)
  4 quokka zombies (Ossuary)
  4 rats
  4 rat zombies (Ossuary)
1046 creatures vanquished.

Vanquished Creatures (collateral kills)
  Nikola (Snake:1)
  A halazid warlock (Desolation)
  A great orb of eyes (Gauntlet)
  A ragged hierophant (Desolation)
  A servant of whispers (Desolation)
  A peacekeeper (Desolation)
  A centaur warrior (D:14)
  A dancing weapon (D:14)
  A naga warrior (Snake:2)
  A shock serpent (Snake:1)
  A naga sharpshooter (Snake:4)
  Amaemon (Lair:2)
  A sea snake (Snake:4)
  A salamander (Snake:3)
  2 mana vipers
  3 ugly things (D:14)
  A manticore (D:14)
  3 elephants (Lair:4)
  A naga mage (Snake:2)
  A black mamba (Snake:2)
  5 guardian serpents
  An orange demon (Lair:2)
  2 komodo dragons (D:10)
  14 saltlings (Desolation)
  3 blink frogs (Lair:1)
  2 vampires (D:9)
  3 yaks (Lair:1)
  A wyvern (Lair:1)
  A steam dragon (D:8)
  3 nagas
  An ogre (Orc:1)
  5 wolves
  A centaur (D:9)
  A kobold brigand (D:9)
  2 killer bees (D:9)
  3 howler monkeys (D:9)
  An orc wizard (D:9)
  3 orcs (D:9)
  3 kobolds (D:9)
80 creatures vanquished.

Vanquished Creatures (others)
  A shock serpent (Snake:2)
  A salamander mystic (Snake:2)
  A deep elf pyromancer (Elf:1)
  A salamander (Snake:2)
  A black mamba (Snake:4)
  A rime drake (IceCv)
  An orc wizard (Orc:1)
  A gnoll (D:8)
  An orc (D:8)
9 creatures vanquished.

Grand Total: 1135 creatures vanquished

Notes
Turn   | Place    | Note
-------+----------+-------------------------------------------
     0 | D:1      | Kazon the Demonspawn Gladiator began the quest for the Orb.
     0 | D:1      | Reached XP level 1. HP: 16/16 MP: 1/1
    47 | D:1      | Identified a scroll of acquirement
    47 | D:1      | Acquired the +8 orange crystal plate armour {Archmagi,
                  | Int+3 Clar}
    47 | D:1      | Found the +8 orange crystal plate armour {Archmagi, Int+3
                  | Clar}
    88 | D:1      | Gained mutation: You have a pair of small antennae on your
                  | head. [demonic ancestry]
    88 | D:1      | Reached XP level 2. HP: 22/22 MP: 2/2
   409 | D:1      | Gained mutation: You are partially covered in rugged brown
                  | scales. (AC +1, +3% HP) [demonic ancestry]
   409 | D:1      | Reached XP level 3. HP: 23/28 MP: 3/3
  1133 | D:2      | Reached skill level 1 in Long Blades
  1134 | D:2      | Reached XP level 4. HP: 29/35 MP: 4/4
  1490 | D:2      | Reached skill level 1 in Armour
  1698 | D:3      | Found a blossoming altar of Fedhas.
  1808 | D:3      | Reached skill level 1 in Shields
  1865 | D:3      | Found a stormy altar of Qazlal.
  1992 | D:3      | Identified the +2 sling "Qeuhanocyt" {speed, rElec Str-3
                  | Dex+2}
  2012 | D:3      | Found a faded altar of an unknown god.
  2084 | D:4      | Found a staircase to the Ecumenical Temple.
  2093 | Temple   | Entered the Ecumenical Temple
  2109 | Temple   | Became a worshipper of Makhleb the Destroyer
  2167 | D:4      | Noticed a black bear
  2202 | D:4      | Killed a black bear
  2203 | D:4      | Reached skill level 1 in Short Blades
  2203 | D:4      | Reached skill level 1 in Invocations
  2203 | D:4      | Gained mutation: You regenerate a little health from kills.
                  | [demonic ancestry]
  2203 | D:4      | Reached XP level 5. HP: 31/40 MP: 6/6
  2208 | D:4      | Found a hazy altar of Hepliaklqana.
  2209 | D:4      | Found a shadowy altar of Dithmenos.
  2209 | D:4      | Noticed a shadow
  2244 | D:4      | Noticed Sigmund
  2253 | D:4      | Killed Sigmund
  2254 | D:4      | Reached skill level 2 in Invocations
  2254 | D:4      | Reached skill level 1 in Evocations
  2254 | D:4      | Gained mutation: You have a pair of antennae on your head.
                  | [demonic ancestry]
  2254 | D:4      | Reached XP level 6. HP: 29/47 MP: 7/7
  2694 | D:4      | Gained mutation: You have a pair of large antennae on your
                  | head. (SInv) [demonic ancestry]
  2694 | D:4      | Reached XP level 7. HP: 53/53 MP: 9/9
  2843 | D:5      | Entered Level 5 of the Dungeon
  2893 | D:5      | Reached skill level 3 in Invocations
  3026 | D:5      | Reached * piety under Makhleb
  3350 | D:6      | Noticed Dowan
  3351 | D:6      | Noticed Duvessa
  3368 | D:6      | Killed Duvessa
  3369 | D:6      | Reached skill level 4 in Invocations
  3369 | D:6      | Gained mutation: You regenerate health from kills. [demonic
                  | ancestry]
  3369 | D:6      | Reached XP level 8. HP: 58/59 MP: 11/11
  3370 | D:6      | Killed Dowan
  3371 | D:6      | Reached skill level 1 in Ranged Weapons
  3602 | D:6      | Found a shimmering altar of Xom.
  3687 | D:6      | Reached skill level 5 in Invocations
  3908 | D:7      | Reached ** piety under Makhleb
  3983 | D:7      | Found a sand-covered staircase.
  3998 | Ossuary  | Entered an ossuary
  4042 | Ossuary  | Reached skill level 5 in Axes
  4225 | Ossuary  | Reached *** piety under Makhleb
  4310 | Ossuary  | Reached XP level 9. HP: 66/66 MP: 12/12
  4629 | D:7      | Reached skill level 5 in Shields
  4684 | D:7      | Reached **** piety under Makhleb
  4831 | D:7      | Reached skill level 6 in Invocations
  5042 | D:7      | You fall into a shaft and drop 3 floors!
  5042 | D:10     | Entered Level 10 of the Dungeon
  5076 | D:10     | Reached skill level 5 in Evocations
  5110 | D:10     | Reached skill level 1 in Stealth
  5151 | D:10     | Reached XP level 10. HP: 75/75 MP: 15/15
  5195 | D:10     | Noticed a two-headed ogre
  5207 | D:10     | Killed a two-headed ogre
  5248 | D:9      | Noticed Maurice
  5258 | D:9      | Killed Maurice
  5267 | D:9      | Reached skill level 7 in Invocations
  5268 | D:9      | Paralysed by a hornet for 2 turns
  5509 | D:8      | Found Izo Qiri's Assorted Antiques.
  5521 | D:8      | Bought a scroll labelled JIYFIZX FOFUA for 29 gold pieces
  5521 | D:8      | Bought a sedimented brown potion for 26 gold pieces
  5521 | D:8      | Bought a curved iron wand for 116 gold pieces
  5573 | D:8      | Found a staircase to the Lair.
  5796 | D:7      | Noticed a two-headed ogre
  5808 | D:7      | Killed a two-headed ogre
  5809 | D:7      | Reached XP level 11. HP: 74/80 MP: 15/16
  6836 | D:8      | Reached skill level 5 in Fighting
  7221 | D:9      | Reached skill level 8 in Invocations
  7340 | D:9      | Reached ***** piety under Makhleb
  8119 | Lair:1   | Entered Level 1 of the Lair of Beasts
  8267 | Lair:1   | Reached skill level 5 in Armour
  8846 | Lair:1   | Gained mutation: Spells you cast may paralyse adjacent
                  | enemies. [demonic ancestry]
  8846 | Lair:1   | Reached XP level 12. HP: 89/89 MP: 18/18
  8906 | Lair:2   | Noticed Amaemon
  8911 | Lair:2   | Paralysed by Amaemon for 3 turns
  8919 | Lair:2   | Killed Amaemon
  8930 | Lair:2   | Noticed a death yak
  8933 | Lair:2   | Noticed a death yak
  8934 | Lair:2   | Noticed a death yak
  8946 | Lair:2   | Killed a death yak
  8984 | Lair:2   | Killed a death yak
  8999 | Lair:2   | Killed a death yak
  9158 | Lair:2   | Found an ornate altar of the Wu Jian Council.
  9209 | Lair:2   | Noticed a five-headed hydra
  9224 | Lair:2   | Killed a one-headed hydra
  9225 | Lair:2   | Reached skill level 9 in Invocations
  9517 | Lair:2   | Reached skill level 1 in Maces & Flails
  9759 | Lair:3   | Found a staircase to the Swamp.
  9761 | Lair:3   | Found the +10 zealot's sword {holy, Zealotry, *Rage rN+
                  | EV+3}
 10068 | Lair:3   | Found a staircase to the Snake Pit.
 10249 | Lair:3   | Noticed a boulder beetle
 10264 | Lair:3   | Killed a boulder beetle
 10831 | Lair:4   | Gained mutation: Your hexes are more powerful. [demonic
                  | ancestry]
 10831 | Lair:4   | Reached XP level 13. HP: 86/97 MP: 20/20
 11156 | Lair:4   | Reached skill level 10 in Invocations
 11194 | Lair:4   | Reached skill level 5 in Maces & Flails
 11575 | Lair:4   | Reached skill level 10 in Shields
 11736 | Lair:5   | Entered Level 5 of the Lair of Beasts
 11892 | Lair:4   | Reached skill level 10 in Evocations
 12246 | Lair:5   | Found a staircase to the Slime Pits.
 12506 | Lair:5   | Reached ****** piety under Makhleb
 12613 | Lair:5   | Reached skill level 10 in Axes
 12871 | Lair:5   | Reached XP level 14. HP: 86/107 MP: 21/21
 13271 | D:10     | Noticed Snorg
 13278 | D:10     | Killed Snorg
 13623 | D:10     | Found a shimmering blue altar of Sif Muna.
 13785 | D:11     | Found a staircase to the Orcish Mines.
 13982 | Orc:1    | Entered Level 1 of the Orcish Mines
 14274 | Orc:2    | Entered Level 2 of the Orcish Mines
 14274 | Orc:2    | Noticed Josephine
 14446 | Orc:1    | Killed Josephine
 14873 | Orc:2    | Paralysed by an ogre mage for 4 turns
 14933 | Orc:2    | Paralysed by an ogre mage for 2 turns
 15088 | Orc:1    | Reached skill level 11 in Invocations
 15195 | Orc:2    | Paralysed by an ogre mage for 5 turns
 15293 | Orc:2    | Found Jigu's Antique Armour Emporium.
 15306 | Orc:2    | Found Lifoc's Assorted Antiques.
 15306 | Orc:2    | Found Fiots's General Store.
 15307 | Orc:2    | Found Itoejit's Antique Weapon Shop.
 15314 | Orc:2    | Bought a scroll labelled FOQEFA DOBLIOG for 41 gold pieces
 15314 | Orc:2    | Bought an inky potion for 36 gold pieces
 15315 | Orc:2    | Bought a scroll of enchant weapon for 112 gold pieces
 15315 | Orc:2    | Bought a scroll of magic mapping for 112 gold pieces
 15315 | Orc:2    | Bought a scroll of enchant weapon for 112 gold pieces
 15316 | Orc:2    | Bought a pair of glowing gloves for 187 gold pieces
 15397 | Orc:2    | Found a staircase to the Elven Halls.
 16498 | D:12     | Found a frozen archway.
 16535 | IceCv    | Entered an ice cave
 16616 | IceCv    | Found the ring of the Tortoise {AC+8}
 16841 | IceCv    | Identified the ring of Omumul {*Corrode rC+ Int+5 Dex+2
                  | Stlth+}
 17461 | D:12     | Gained mutation: Your melee attacks may debilitate your
                  | foes. [demonic ancestry]
 17461 | D:12     | Reached XP level 15. HP: 115/115 MP: 23/23
 17700 | D:12     | Noticed Rupert
 17715 | D:12     | Killed Rupert
 18055 | D:13     | Identified the +1 robe of the Marlin {-Tele rN+ Dex+3}
 18308 | D:13     | Got the Verses on Mutagenic Frost
 18492 | D:13     | Found a gate to the Vaults.
 18579 | D:13     | Reached skill level 12 in Invocations
 18778 | D:14     | Found a runed translucent door.
 18779 | D:14     | Found a shimmering altar of Xom.
 18779 | D:14     | Noticed Lyxkou's ghost (adept OpTm)
 18868 | D:14     | Killed Lyxkou's ghost
 19177 | Snake:1  | Entered Level 1 of the Snake Pit
 19221 | Snake:1  | Identified the ring of Enowk {Ice Int+5}
 19522 | Orc:2    | Bought a runed executioner's axe for 390 gold pieces
 19838 | Snake:1  | Found Ygoulout's Armour Shoppe.
 19840 | Snake:1  | Found Cymmoo's Distillery.
 19843 | Snake:1  | Found Suyxaint's Antique Weapon Shoppe.
 19850 | Snake:1  | Bought a glowing broad axe for 168 gold pieces
 21013 | D:14     | Found a hide-covered altar of Uskayaw.
 21205 | D:15     | Entered Level 15 of the Dungeon
 21323 | D:15     | Found a gate leading to a gauntlet.
 21349 | Gauntlet | Entered a Gauntlet
 21349 | Gauntlet | Found a transporter.
 21349 | Gauntlet | Found a transporter.
 21349 | Gauntlet | Found a large runed translucent door.
 21349 | Gauntlet | Found a large runed translucent door.
 21349 | Gauntlet | Found a large runed translucent door.
 21349 | Gauntlet | Found a large runed translucent door.
 21349 | Gauntlet | Found a large runed translucent door.
 21349 | Gauntlet | Found a large runed translucent door.
 21349 | Gauntlet | Found a runed translucent door.
 21349 | Gauntlet | Found a runed translucent door.
 21349 | Gauntlet | Found a large runed translucent door.
 21349 | Gauntlet | Found a large runed translucent door.
 21349 | Gauntlet | Found a large runed translucent door.
 21349 | Gauntlet | Found a large runed translucent door.
 21349 | Gauntlet | Found a large runed translucent door.
 21349 | Gauntlet | Found a large runed translucent door.
 21354 | Gauntlet | Found a transporter.
 21367 | Gauntlet | Found a transporter.
 21386 | Gauntlet | Found a transporter.
 21386 | Gauntlet | Found the +2 cloak of the Thief {*Fog Slay-2 SInv Stlth+}
 21396 | Gauntlet | Found a transporter.
 21399 | Gauntlet | Found a transporter.
 21415 | Gauntlet | Found a transporter.
 21478 | Gauntlet | Found a transporter.
 21493 | Gauntlet | Found a transporter.
 21601 | Gauntlet | Identified the ring of Miuwe {rPois Will+}
 21716 | Gauntlet | Identified the +0 pair of boots "Duocaba" {Contam rPois
                  | Int+7 Dex-3}
 21748 | Gauntlet | Identified the +1 scale mail "Duedacir" {+Blink +Inv rN+++
                  | Str-5}
 21748 | Gauntlet | Identified the +0 kite shield of Lethargy {rF+}
 21785 | Gauntlet | Got the Volume of Interference
 21787 | Gauntlet | Identified the +1 pair of boots of Whack-A-Mole {Harm}
 21788 | Gauntlet | Got the Elucidation of the Goat
 22281 | Snake:1  | Reached XP level 16. HP: 123/123 MP: 25/25
 22308 | Snake:1  | You fall into a shaft and drop 1 floor!
 22511 | Snake:1  | Noticed Nikola
 22533 | Snake:1  | Killed Nikola
 22534 | Snake:1  | Reached skill level 13 in Invocations
 22585 | Snake:1  | Noticed Donald
 22606 | Snake:1  | Killed Donald
 22973 | Snake:2  | Identified the +1 robe "Nakhlulo" {Str+2}
 23780 | Snake:2  | Reached skill level 10 in Armour
 23906 | Snake:2  | Reached skill level 10 in Fighting
 24643 | Snake:3  | Found a runed translucent door.
 24865 | Snake:3  | Reached skill level 14 in Invocations
 24887 | Snake:3  | Gained mutation: You are mostly covered in rugged brown
                  | scales. (AC +2, +5% HP) [demonic ancestry]
 24887 | Snake:3  | Reached XP level 17. HP: 103/134 MP: 27/27
 25399 | Snake:4  | Entered Level 4 of the Snake Pit
 26244 | Snake:4  | Found Soll's Magic Scroll Shop.
 26247 | Snake:4  | Bought a scroll of brand weapon for 142 gold pieces
 26247 | Snake:4  | Bought a scroll of enchant weapon for 112 gold pieces
 26247 | Snake:4  | Bought a scroll of enchant weapon for 112 gold pieces
 26323 | Snake:4  | Found Tesorgh's Jewellery Shop.
 26323 | Snake:4  | Found Dijumula's Book Shoppe.
 26324 | Snake:4  | Found Bujod's Book Shoppe.
 26786 | Snake:4  | Got a serpentine rune of Zot
 27607 | Snake:4  | Bought the ring "Guudd" {rF+ rC+ Will+ Int-5 Dex+4} for 510
                  | gold pieces
 27927 | Elf:1    | Entered Level 1 of the Elven Halls
 28038 | Elf:1    | Found Diphira's Armour Shoppe.
 28046 | Elf:1    | Bought a +0 pair of boots of rampaging for 138 gold pieces
 28103 | Abyss:2  | Found a corrupted altar of Lugonu.
 28103 | Abyss:2  | Cast into level 2 of the Abyss (a deep elf sorcerer)
 28122 | Abyss:2  | Gained mutation: Armour fits poorly on your strangely
                  | shaped body. [mutagenic glow]
 28128 | Elf:1    | Escaped the Abyss
 28162 | Elf:1    | Reached XP level 18. HP: 83/144 MP: 29/29
 28216 | Elf:1    | Found a crumbling gateway.
 28242 | Desolati | Entered the Desolation of Salt
 28381 | Desolati | Reached skill level 15 in Invocations
 28472 | Desolati | Identified the +4 trident of Voracious Courage {flame,
                  | *Noise rF+++ rCorr SInv}
 28474 | Desolati | Identified the +8 battleaxe of Egomania {flame, rElec rPois
                  | rN++ Str-4}
 28479 | Desolati | Got the Verses on Earth
 28495 | Desolati | Got Sif Muna's Spellbook of the Torrid Faeries
 28531 | Desolati | Identified the ring "Nuach" {Wiz Fly rElec}
 28655 | Desolati | HP: 7/145 [molten gargoyle/+0 mace (21)]
 28655 | Desolati | Mangled by a peacekeeper

Illustrated notes

Levels and vault maps discovered:
D:1:      ebering_trefoil_3fold, layout_basic, st_stairs_14, serial_bayou_ford_a
D:2:      layout_basic, hangedman_decor_growths, minmay_close_crescents
D:3:      layout_rooms, mainiacjoe_overflow_concentric_impassable,
          mainiacjoe_overflow_paths, shapermc_ecumenical_altar_acropolis,
          chequers_serial_rivers_micro_b
D:4:      layout_basic, riverfiend_overflow_shadow_ancestor,
          minmay_temple_entry_glass, uniq_sigmund
D:5:      layout_gridville
D:6:      layout_basic, xom_teletrap_fun, uniq_duvessa
D:7:      layout_loops_ring, enter_ossuary_3, roderic_batcave
D:8:      layout_layer_cave, minmay_lair_entry_grove, serial_shops,
          nicolae_lakefront_shop, serial_ice, serial_ice_o, serial_ice_d,
          serial_ice_k, serial_ice_a
D:9:      layout_loops_ring, nicolae_wwwww, uniq_maurice
D:10:     layout_irregular_city, led_sif_pool, uniq_snorg
D:11:     layout_basic, zombieorc2_lemuel, chequers_garden
D:12:     layout_basic, portal_ice_cave_entry_imps,
          chequers_serial_rivers_micro_e, minivault_28, uniq_rupert
D:13:     layout_basic, lightli_vaults_fourway_checkpoint, serial_corexii_hall,
          chequers_hall_statues_wall_a, chequers_hall_statues_wall_a
D:14:     layout_irregular_city, nicolae_uskayaw_dance_hall, ebering_ghost_xom,
          grunt_ministairs_12
D:15:     grunt_enter_depths_magical_seal, layout_basic, gauntlet_entry_generic,
          ashenzari_conservatory_becter, gammafunk_ghost_smash
Temple:   nicolae_temple_elliptical
Lair:1:   layout_big_grid, serial_bayou_pond_a
Lair:2:   layout_gridlike, basic_altar, uniq_amaemon
Lair:3:   layout_small_grid, swamp_mist, minmay_snake_entry_six_corridors,
          worms_lemuel, serial_bayou_shore_a
Lair:4:   layout_gridlike, nzn_random_ring, infiniplex_staircase_pool_2
Lair:5:   minmay_lair_end_enchanted_forest, layout_misc_corridors,
          dpeg_slime_entry_enclosed
Snake:1:  layout_grid_maze, basic_altar, nicolae_snake_guarding_the_ruins,
          minmay_shop_star, uniq_donald, uniq_nikola
Snake:2:  layout_honeycomb
Snake:3:  layout_gridlike, lightli_airlock
Snake:4:  grunt_snake_rune_pools, layout_onion_interference, serial_shops,
          nicolae_shop_rolled_up, guppyfry_snake_island, minmay_shop_grove
Orc:1:    layout_caves, serial_shops, nicolae_orc_sculptors_studio
Orc:2:    st_orc_ogre_mass, layout_caves, basic_altar, nicolae_orc_tapped_out,
          uniq_josephine
Elf:1:    nicolae_elf_arrival_fired_up, layout_gridlike,
          portal_desolation_entry_nicolae_nacl, serial_shops, shop,
          nicolae_shop_rolled_up, shop, hangedman_elf_represent, uniq_azrael
Desolation

Skill      XL: |  1  2  3  4  5  6  7  8  9 10 11 12 13 14 15 16 17 18 |
---------------+-------------------------------------------------------+-----
Axes           | 3 4 5 6 7 8 9 10 11 12 13 14 | 14.5
Long Blades    | 1 2 |  2.3
Armour         | 1 2 4 5 6 7 9 10 12 | 12.1
Shields        | 1 2 3 4 5 7 8 9 10 11 12 13 14 | 14.0
Short Blades   | 1 2 |  2.7
Invocations    | 1 2 4 5 6 7 8 9 10 11 12 14 15 | 15.0
Evocations     | 1 2 3 5 6 7 9 10 11 12 | 12.8
Throwing       | 2 3 4 |  4.7
Fighting       | 3 4 5 6 7 8 9 10 11 | 11.7
Ranged Weapons | 1 |  1.0
Stealth        | 1 3 4 |  4.7
Maces & Flails | 3 5 7 8 |  8.1
Dodging        | 3 |  3.7

Action                     |  1- 3 |  4- 6 |  7- 9 | 10-12 | 13-15 | 16-18 || total
---------------------------+-------+-------+-------+-------+-------+-------++-------
  Melee: War axe           |    81 |     4 |       |   557 |   679 |  1416 ||  2737
         Punch             |     1 |       |       |       |       |       ||     1
         Long sword        |    48 |    62 |       |    11 |       |       ||   121
         Dagger            |       |    70 |       |       |       |       ||    70
         Hand axe          |       |    40 |   644 |   212 |   594 |       ||  1490
         Demon whip        |       |       |       |   256 |  1038 |    47 ||  1341
         Executioner's axe |       |       |       |       |    87 |       ||    87
         Broad axe         |       |       |       |       |       |   124 ||   124
         Battleaxe         |       |       |       |       |       |    75 ||    75
   Fire: Sling             |       |       |    18 |       |       |       ||    18
  Throw: Stone             |       |     8 |    32 |    13 |     5 |       ||    58
         Dart              |       |     4 |    16 |    18 |    30 |       ||    68
         Boomerang         |       |       |     9 |     6 |    11 |    94 ||   120
         Javelin           |       |       |       |       |       |     2 ||     2
 Invoke: Minor Destruction |       |       |    46 |   134 |   234 |   153 ||   567
         Lesser Servant of |       |       |     1 |    11 |    10 |    12 ||    34
         Major Destruction |       |       |       |       |     3 |     6 ||     9
         Greater Servant o |       |       |       |       |     1 |     5 ||     6
  Evoke: Wand              |       |       |     1 |     7 |    25 |    33 ||    66
         Phial of floods   |       |       |       |       |     1 |       ||     1
         Lightning rod     |       |       |       |       |       |     2 ||     2
         Tin of tremorston |       |       |       |       |       |     2 ||     2
    Use: Scroll            |     2 |       |       |     2 |    29 |     6 ||    39
         Potion            |       |       |     1 |     1 |       |     1 ||     3
   Stab: Paralysed         |       |       |     9 |    16 |     3 |     5 ||    33
         Distracted        |       |       |       |     3 |     5 |     5 ||    13
         Sleeping          |       |       |       |       |       |     1 ||     1
 Armour: Leather armour    |     3 |       |       |       |       |       ||     3
         Crystal plate arm |   101 |   131 |   412 |   843 |  1683 |   914 ||  4084
         Scale mail        |       |       |       |       |       |   321 ||   321
  Dodge: Dodged            |    27 |     4 |    11 |    30 |   149 |   397 ||   618
  Block: Tower shield      |    63 |   154 |   579 |   971 |  2012 |   106 ||  3885
         Kite shield       |       |       |       |       |       |  1012 ||  1012
         Reflection        |       |       |       |       |       |   112 ||   112
